 Dungeon Crawl Stone Soup version 0.30.1-11-g7821555f0a (webtiles) character file.

Game seed: 10031815433982131259

1558 Okkudo the Cleaver (level 8, 0/75 HPs)
             Began as a Hill Orc Monk on Dec 6, 2023.
             Was a Priest of Beogh.
             Succumbed to a killer bee's poison
             ... on level 7 of the Dungeon.
             The game lasted 00:17:34 (5346 turns).

Okkudo the Cleaver (Hill Orc Monk)                  Turns: 5346, Time: 00:17:34

Health: 0/75       AC:  9    Str: 16    XL:     8   Next: 88%
Magic:  8/8        EV:  9    Int: 10    God:    Beogh [***...]
Gold:   413        SH:  0    Dex: 13    Spells: 7/7 levels left

rFire   . . .        A - +2 war axe (vamp)
rCold   . . .        d - orb {light}
rNeg    . . .        n - +0 chain mail
rPois   .            s - +0 helmet
rElec   .            (no cloak)
rCorr   .            (no gloves)
SInv    .            (no boots)
Will    .....        (no amulet) Stlth
                     (no ring)
HPRegen 0.32/turn    (no ring)
MPRegen 0.11/turn

%: no passive effects
@: lethally poisoned (0 -> -18), glowing
A: no striking features
a: Renounce Religion, Smiting


You were on level 7 of the Dungeon.
You worshipped Beogh.
Beogh was most pleased with you.
You visited 1 branch of the dungeon, and saw 7 of its levels.

You collected 413 gold pieces.

Inventory:

Hand Weapons
 A - a +2 vampiric war axe (weapon)
Armour
 d - an orb of light (worn)
 n - a +0 chain mail (worn)
 s - a +0 helmet (worn)
Magical Staves
 z - the staff of death "Jioch" {rN+ Int+4}
   (You found it on level 5 of the Dungeon)

   [staff of death]

   Base accuracy: +5 Base damage: 5 Base attack delay: 1.2 This weapon's minimum
   attack delay (0.6) is reached at skill level 12.
   Int:       It affects your intelligence (+4).
   rN:        It protects you from negative energy.
   It falls into the 'Staves' category.
   It is a one-handed weapon.
Jewellery
 l - an amulet of magic regeneration
 m - a ring of wizardry
 x - a ring of wizardry
Wands
 y - a wand of iceblast (12)
Scrolls
 e - 5 scrolls of teleportation
 i - 3 scrolls of fog
 k - a scroll of silence {unknown}
 o - a scroll of amnesia
 r - 3 scrolls of poison
 u - a scroll of brand weapon
 v - 2 scrolls of enchant armour
 w - a scroll of fear {unknown}
 C - a scroll of immolation
Potions
 a - a potion of invisibility {unknown}
 b - 4 potions of curing {unknown}
 c - a potion of ambrosia
 f - a potion of resistance {unknown}
 g - 3 potions of might {unknown}
 h - a potion of mutation {unknown}
 p - 2 potions of berserk rage {unknown}
 q - a potion of magic {unknown}
 t - a potion of degeneration {unknown}
 B - a potion of flight {unknown}


   Skills:
 + Level 8.3 Fighting
 + Level 9.1 Axes
 + Level 5.7 Dodging


You had 7 spell levels left.
You didn't know any spells.
Your spell library contained the following spells:

 Spells                   Type           Power      Damage    Failure   Level
 Freeze                   Ice            0%         1d3       99%         1
 Kiss of Death            Conj/Necr      0%         2d5       99%         1
 Magic Dart               Conj           0%         1d3       99%         1
 Lesser Beckoning         Tloc           0%         N/A       100%        2
 Searing Ray              Conj           0%         2d4       100%        2
 Confusing Touch          Hex            0%         N/A       100%        3
 Frozen Ramparts          Ice            0%         1d1       100%        3
 Gell's Gravitas          Tloc           0%         N/A       100%        3
 Hailstorm                Conj/Ice       0%         3d3       100%        3
 Teleport Other           Tloc           0%         N/A       100%        3
 Dispel Undead            Necr           0%         3d6       100%        4
 Fulminant Prism          Conj/Hex       0%         3d5       100%        4


Dungeon Overview and Level Annotations

Branches:
Dungeon (6/15)             Temple (0/1) D:5

Altars:
Ashenzari
Elyvilon
Hepliaklqana
Kikubaaqudgha
Yredelemnul

Shops:
D:3 :


Message History

* * * LOW HITPOINT WARNING * * *
The killer bee stings you but does no damage. x2
The centaur hits you but does no damage.
The centaur barely misses you. The killer bee barely misses you.
The killer bee completely misses you.
You slash the killer bee!
You feel better.
You kill the killer bee!
Beogh accepts your kill.
You slash the centaur!
You feel better.
You hit the killer bee but do no damage.
You feel very sick. The killer bee stings you.
* * * LOW HITPOINT WARNING * * *
You are more poisoned.
The killer bee poisons you!
The centaur hits you but does no damage.
The centaur closely misses you. The killer bee stings you.
* * * LOW HITPOINT WARNING * * *
You are more poisoned.
The killer bee poisons you! The killer bee closely misses you.
Your orc priest mumbles some strange prayers to Beogh against the killer bee.
The killer bee is smitten.
The killer bee dies!
Beogh accepts your kill.
Your orc priest looks more experienced.
Your Axes skill increases to level 9!
You swap places.
* * * LOW HITPOINT WARNING * * *
You feel very sick. The centaur hits your orc.
The centaur closely misses your orc. The killer bee stings your orc.
The centaur wields a +0 shortbow.
The centaur shoots an arrow.
The arrow hits your orc!
Your orc dies!
You swap places.
* * * LOW HITPOINT WARNING * * *
You feel very sick. The killer bee stings your orc priest.
The killer bee stings your orc priest but does no damage.
Your orc priest completely misses the killer bee.
You die...

....######..###..#
#......##o.###..#
#........o......#
#......###..###.#
#......###..#
####.)...#..#
####.)...#..#
#...[)...+...
#@##.....#.#..
#.##.#####.#..
#o##.# #y##..
#....yc###
#......+ #......#
#......# #......#


You could see a centaur (ally target), 2 killer bees and a friendly orc priest.

Vanquished Creatures
  A wyvern (D:7)
  A steam dragon (D:7)
  An orc warrior (D:6)
  2 ice beasts (D:5)
  A phantom (D:5)
  2 bullfrogs
  3 killer bees (D:7)
  2 jellies
  A hound (D:4)
  An orc priest (D:2)
  A bullfrog skeleton (D:5)
  A gnoll bouda (D:6)
  A sleepcap (D:6)
  An iguana (D:5)
  3 orc wizards
  6 gnolls
  8 adders
  A white imp (D:6)
  2 worms
  A dart slug (D:1)
  4 orcs
  A bat (D:1)
  11 endoplasms
  A giant cockroach (D:2)
  5 goblins
  6 hobgoblins
  8 jackals
  4 quokkas
  5 ball pythons
  A frilled lizard (D:2)
  10 kobolds
  6 rats
102 creatures vanquished.

Vanquished Creatures (collateral kills)
  Menkaure (D:5)
  A killer bee (D:7)
  A bullfrog zombie (D:5)
  A jelly (D:6)
  An orc priest (D:5)
  3 orc wizards
  2 gnolls (D:6)
  A white imp (D:5)
  4 orcs
  A jackal (D:5)
16 creatures vanquished.

Vanquished Creatures (others)
  2 orc priests (D:5)
  8 orcs
  An endoplasm (D:2)
  A goblin (D:2)
  A bat (D:2)
13 creatures vanquished.

Grand Total: 131 creatures vanquished

Notes
Turn   | Place    | Note
-------+----------+-------------------------------------------
     0 | D:1      | Okkudo the Hill Orc Monk began the quest for the Orb.
     0 | D:1      | Reached XP level 1. HP: 19/19 MP: 1/1
   125 | D:1      | Reached XP level 2. HP: 25/27 MP: 2/2
   260 | D:1      | Reached XP level 3. HP: 17/33 MP: 3/3
   721 | D:2      | Found a white marble altar of Elyvilon.
   736 | D:2      | Became a worshipper of Beogh the Brigand
   736 | D:2      | Reached * piety under Beogh
   736 | D:2      | Reached ** piety under Beogh
   744 | D:2      | Reached XP level 4. HP: 8/41 MP: 4/4
   934 | D:2      | Reached skill level 5 in Axes
  1855 | D:3      | Reached XP level 5. HP: 47/47 MP: 5/5
  1974 | D:3      | Found Nomnusch's Vocational Training.
  2052 | D:3      | Found a faded altar of an unknown god.
  2517 | D:4      | Reached skill level 5 in Fighting
  2648 | D:4      | HP: 1/48 [gnoll/+0 halberd (11)]
  3177 | D:4      | Reached *** piety under Beogh
  3424 | D:5      | Entered Level 5 of the Dungeon
  3434 | D:4      | Reached XP level 6. HP: 38/56 MP: 6/6
  3505 | D:5      | Reached skill level 6 in Axes
  3573 | D:5      | Found an ancient bone altar of Kikubaaqudgha.
  3579 | D:5      | Noticed Menkaure
  3580 | D:5      | Found a basalt altar of Yredelemnul.
  3714 | D:5      | Noticed an ice beast
  3726 | D:5      | Killed an ice beast
  3729 | D:5      | Found a transporter.
  4066 | D:5      | Noticed an ice beast
  4078 | D:5      | Reached XP level 7. HP: 58/63 MP: 7/7
  4090 | D:5      | Reached skill level 7 in Axes
  4121 | D:5      | Found a staircase to the Ecumenical Temple.
  4270 | D:5      | Found a transporter.
  4321 | D:5      | Killed Menkaure
  4335 | D:5      | Identified the staff of death "Jioch" {rN+ Int+4}
  4886 | D:6      | Found a broken altar of Ashenzari.
  4896 | D:6      | Found a hazy altar of Hepliaklqana.
  4907 | D:6      | Reached XP level 8. HP: 62/73 MP: 8/8
  4938 | D:6      | Reached skill level 5 in Dodging
  4951 | D:6      | Reached skill level 8 in Axes
  5080 | D:6      | You fall into a shaft and drop 1 floor!
  5140 | D:7      | Noticed a wyvern
  5148 | D:7      | Killed a wyvern
  5344 | D:7      | Reached skill level 9 in Axes
  5345 | D:7      | HP: 3/75 [poisoned by a killer bee]
  5346 | D:7      | Succumbed to a killer bee's poison

Illustrated notes

Levels and vault maps discovered:
D:1:      lemuel_arrival_rhombus, layout_rooms
D:2:      layout_loops_corners, basic_altar
D:3:      layout_basic, dreamdust_ecumenical_altar_hidden_monk_grotto,
          nicolae_shop_vocational
D:4:      layout_basic, chequers_arboretum
D:5:      layout_basic, gammafunk_temple_of_torment,
          minmay_temple_entry_proselytizer, minivault_24,
          minmay_misc_feat_nine_boxes
D:6:      layout_cave_pools, mainiacjoe_overflow_large_starburst,
          doesnt_shop_hydraphobe
D:7:      layout_basic

Skill      XL: |  1  2  3  4  5  6  7  8 |
---------------+-------------------------+-----
Fighting       | 4 5 6 7 8 |  8.3
Dodging        | 3 4 5 |  5.7
Axes           | 5 6 7 9 |  9.1

Action                     |  1- 3 |  4- 6 |  7- 9 || total
---------------------------+-------+-------+-------++-------
  Melee: Hand axe          |    56 |   218 |    13 ||   287
         War axe           |       |       |    49 ||    49
 Invoke: Convert to Beogh  |     1 |       |       ||     1
         Smiting           |       |       |     1 ||     1
    Use: Scroll            |       |       |     7 ||     7
   Stab: Distracted        |       |       |     1 ||     1
 Armour: Robe              |     2 |       |       ||     2
         Leather armour    |     2 |       |       ||     2
         Ring mail         |    10 |    75 |    17 ||   102
         Chain mail        |       |       |    36 ||    36
  Dodge: Dodged            |    35 |   120 |    59 ||   214
